TOP OF THE 1ST |
Florida State Seminoles batting - Pitching for Michigan Wolverines : RHP Juan García
|
Pitching: RHP Juan García
|
|
Batting: LHB Jeff Stevens
|
0-0: Foul Ball, location: 2F 0-1: Ball 1-1: Ball 2-1: Foul Ball, location: 2F 2-2: Strikes out swinging
|
Batting: RHB Roberto Casas
|
0-0: Ball 1-0: Called Strike 1-1: Foul Ball, location: 2F 1-2: SINGLE (Groundball, 56D)
|
Batting: RHB Rubén Hernández
|
0-0: Ball 1-0: Foul Ball, location: 2F 1-1: Ball 2-1: Called Strike Roberto Casas steals 2nd base 2-2: Ground out 3-1 (Groundball, 34) Roberto Casas to third
|
Batting: RHB Aaron Duncan
|
0-0: Called Strike 0-1: Called Strike 0-2: Strikes out swinging
|
Top of the 1st over - 0 run(s), 1 hit(s), 0 error(s), 1 left on base; Florida State 0 - Michigan 0 |
BOTTOM OF THE 1ST |
Michigan Wolverines batting - Pitching for Florida State Seminoles : RHP Greg Thornton
|
Pitching: RHP Greg Thornton
|
|
Batting: RHB Mark Brewer
|
0-0: Called Strike 0-1: Called Strike 0-2: Ball 1-2: Ball 2-2: Foul Ball, location: 2F 2-2: Ball 3-2: SINGLE (Groundball, 56D)
|
Batting: RHB Bryan Koonts
|
0-0: Ball 1-0: Called Strike 1-1: Ball 2-1: Fly out, F8 (Flyball, 8LM)
|
Batting: RHB Jake Brown
|
0-0: Ball 1-0: Ball 2-0: Ball Mark Brewer steals 2nd base 3-0: Called Strike 3-1: Swinging Strike 3-2: Strikes out swinging
|
Batting: RHB Bill Davis
|
0-0: Ball 1-0: Called Strike 1-1: Foul Ball, location: 2F 1-2: Strikes out swinging
|
Bottom of the 1st over - 0 run(s), 1 hit(s), 0 error(s), 1 left on base; Florida State 0 - Michigan 0 |
TOP OF THE 2ND |
Florida State Seminoles batting - Pitching for Michigan Wolverines : RHP Juan García
|
Batting: LHB Paul Cotton
|
0-0: Called Strike 0-1: Foul Ball, location: 2F 0-2: Ball 1-2: Ball 2-2: Ball 3-2: Foul Ball, location: 2F 3-2: Strikes out swinging
|
Batting: RHB John Newman
|
0-0: Ball 1-0: Swinging Strike 1-1: Ball 2-1: Ball 3-1: Base on Balls
|
Batting: RHB Fred Burgess
|
0-0: Ball 1-0: Ball 2-0: Foul Ball, location: 2F 2-1: Ball 3-1: Called Strike 3-2: Base on Balls John Newman to second
|
Batting: RHB José Sosa
|
0-0: Ball 1-0: Swinging Strike 1-1: Foul Ball, location: 2F 1-2: Foul Ball, location: 2F 1-2: Strikes out looking
|
Batting: RHB Lorenzo Cintrón
|
0-0: Ground out 6-3 (Groundball, 56)
|
Top of the 2nd over - 0 run(s), 0 hit(s), 0 error(s), 2 left on base; Florida State 0 - Michigan 0 |
BOTTOM OF THE 2ND |
Michigan Wolverines batting - Pitching for Florida State Seminoles : RHP Greg Thornton
|
Batting: RHB Bill Andrews
|
0-0: Ball 1-0: Foul Ball, location: 2F 1-1: Called Strike 1-2: Foul Ball, location: 2F 1-2: Strikes out looking
|
Batting: RHB Walt Green
|
0-0: Called Strike 0-1: SINGLE (Groundball, 56S) (infield hit)
|
Batting: RHB Andrew Lewis
|
0-0: Ball 1-0: Foul Ball, location: 2F 1-1: Ball 2-1: Called Strike 2-2: Foul Ball, location: 2F 2-2: Foul Ball, location: 2F 2-2: Ball 3-2: Base on Balls Walt Green to second
|
Batting: RHB Mel Wells
|
0-0: Fielders Choice at 2nd, 5-4 (Groundball, 56) Walt Green to third
|
Batting: LHB Leon Malone
|
0-0: Called Strike 0-1: Foul Ball, location: 2F 0-2: Ball 1-2: Strikes out swinging
|
Bottom of the 2nd over - 0 run(s), 1 hit(s), 0 error(s), 2 left on base; Florida State 0 - Michigan 0 |
TOP OF THE 3RD |
Florida State Seminoles batting - Pitching for Michigan Wolverines : RHP Juan García
|
Batting: LHB Jeff Stevens
|
0-0: Foul Ball, location: 2F 0-1: Ball 1-1: Ball 2-1: Ball 3-1: Base on Balls
|
Batting: RHB Roberto Casas
|
0-0: Ball 1-0: Called Strike 1-1: Ball 2-1: Ball 3-1: Fly out, F9 (Flyball, 9LS)
|
Batting: RHB Rubén Hernández
|
0-0: Swinging Strike 0-1: Foul Ball, location: 2F 0-2: Ball 1-2: Strikes out swinging
|
Batting: RHB Aaron Duncan
|
0-0: Called Strike 0-1: Foul Ball, location: 2F 0-2: Strikes out looking
|
Top of the 3rd over - 0 run(s), 0 hit(s), 0 error(s), 1 left on base; Florida State 0 - Michigan 0 |
BOTTOM OF THE 3RD |
Michigan Wolverines batting - Pitching for Florida State Seminoles : RHP Greg Thornton
|
Batting: RHB Mark Brewer
|
0-0: Ball 1-0: Ball 2-0: Ball 3-0: Called Strike 3-1: Foul Ball, location: 2F 3-2: Strikes out looking
|
Batting: RHB Bryan Koonts
|
0-0: Ball 1-0: Foul Ball, location: 2F 1-1: Ball 2-1: SINGLE (Line Drive, 7S)
|
Batting: RHB Jake Brown
|
0-0: Ball 1-0: Called Strike 1-1: Foul Ball, location: 2F 1-2: Ball Bryan Koonts is caught stealing 2nd base 2-2: Ground out 5-3 (Groundball, 56)
|
Bottom of the 3rd over - 0 run(s), 1 hit(s), 0 error(s), 0 left on base; Florida State 0 - Michigan 0 |
TOP OF THE 4TH |
Florida State Seminoles batting - Pitching for Michigan Wolverines : RHP Juan García
|
Batting: LHB Paul Cotton
|
0-0: Swinging Strike 0-1: Ball 1-1: Swinging Strike 1-2: Strikes out swinging
|
Batting: RHB John Newman
|
0-0: Ground out 6-3 (Groundball, 56D)
|
Batting: RHB Fred Burgess
|
0-0: Called Strike 0-1: Ball 1-1: Ball 2-1: Ball 3-1: Base on Balls
|
Batting: RHB José Sosa
|
0-0: Ball 1-0: Ball 2-0: Ball 3-0: Base on Balls Fred Burgess to second
|
Batting: RHB Lorenzo Cintrón
|
0-0: Swinging Strike 0-1: Ball 1-1: Foul Ball, location: 2F 1-2: Strikes out looking
|
Top of the 4th over - 0 run(s), 0 hit(s), 0 error(s), 2 left on base; Florida State 0 - Michigan 0 |
BOTTOM OF THE 4TH |
Michigan Wolverines batting - Pitching for Florida State Seminoles : RHP Greg Thornton
|
Batting: RHB Bill Davis
|
0-0: Ball 1-0: Ball 2-0: Ball 3-0: Called Strike 3-1: Base on Balls
|
Batting: RHB Bill Andrews
|
0-0: Ball 1-0: Ball 2-0: Swinging Strike 2-1: Ball 3-1: Fly out, F8 (Flyball, 8RD)
|
Batting: RHB Walt Green
|
0-0: Foul Ball, location: 2F 0-1: Called Strike 0-2: Fielders Choice at 2nd, 6-4 (Groundball, 6)
|
Batting: RHB Andrew Lewis
|
0-0: Called Strike Throwing error on steal attempt, E2 Walt Green to third 0-1: Ball 1-1: Fly out, F9 (Flyball, 9LS)
|
Bottom of the 4th over - 0 run(s), 0 hit(s), 1 error(s), 1 left on base; Florida State 0 - Michigan 0 |
TOP OF THE 5TH |
Florida State Seminoles batting - Pitching for Michigan Wolverines : RHP Juan García
|
Batting: LHB Jeff Stevens
|
0-0: Ball 1-0: Ball 2-0: Swinging Strike 2-1: Fly out, F4 (Popup, 4D)
|
Pitching: LHP Bob Taylor
|
|
Batting: RHB Roberto Casas
|
0-0: Swinging Strike 0-1: Foul Ball, location: 2F 0-2: Strikes out looking
|
Batting: RHB Rubén Hernández
|
0-0: Ball 1-0: Ball 2-0: Called Strike 2-1: Fly out, F9 (Flyball, 9LMF)
|
Top of the 5th over - 0 run(s), 0 hit(s), 0 error(s), 0 left on base; Florida State 0 - Michigan 0 |
BOTTOM OF THE 5TH |
Michigan Wolverines batting - Pitching for Florida State Seminoles : RHP Greg Thornton
|
Batting: RHB Mel Wells
|
0-0: Called Strike 0-1: Ball 1-1: Swinging Strike 1-2: Fly out, F9 (Flyball, 9S)
|
Batting: LHB Leon Malone
|
0-0: Called Strike 0-1: Ball 1-1: Ball 2-1: Called Strike 2-2: Ball 3-2: Ground out 1-3 (Groundball, 13)
|
Batting: RHB Mark Brewer
|
0-0: Ball 1-0: Swinging Strike 1-1: DOUBLE (Line Drive, 78M)
|
Pitching: RHP Michael Jeffries
|
|
Batting: RHB Bryan Koonts
|
0-0: Ball 1-0: Called Strike 1-1: Ball Wild Pitch! Mark Brewer to third 2-1: SINGLE (Flyball, 8LS) Mark Brewer scores
|
Batting: RHB Jake Brown
|
0-0: Ball 1-0: Ball 2-0: Called Strike 2-1: Foul Ball, location: 2F 2-2: Reached on error, E5 (Groundball, 56S) Bryan Koonts to second
|
Batting: RHB Bill Davis
|
0-0: Ball 1-0: Called Strike 1-1: Fly out, F2 (Popup, 3S)
|
Bottom of the 5th over - 1 run(s), 2 hit(s), 1 error(s), 2 left on base; Florida State 0 - Michigan 1 |
TOP OF THE 6TH |
Florida State Seminoles batting - Pitching for Michigan Wolverines : LHP Bob Taylor
|
Batting: RHB Aaron Duncan
|
0-0: Ball 1-0: Ball 2-0: Called Strike 2-1: Called Strike 2-2: Fly out, F5 (Line Drive, 5F)
|
Batting: LHB Paul Cotton
|
0-0: Foul Ball, location: 2F 0-1: Ball 1-1: Swinging Strike 1-2: Reached on error, E4 (Groundball, 4S)
|
Batting: RHB John Newman
|
0-0: Called Strike Paul Cotton steals 2nd base 0-1: SINGLE (Line Drive, 56) Paul Cotton to third
|
Batting: RHB Fred Burgess
|
0-0: Ball 1-0: Swinging Strike 1-1: Swinging Strike 1-2: Foul Ball, location: 2F 1-2: DOUBLE (Line Drive, 7LM) Paul Cotton scores John Newman to third
|
Batting: RHB José Sosa
|
0-0: Ball 1-0: Ball 2-0: Called Strike 2-1: Foul Ball, location: 2F 2-2: Ball 3-2: Base on Balls
|
Batting: RHB Lorenzo Cintrón
|
0-0: Ball 1-0: Called Strike 1-1: Called Strike 1-2: Ball 2-2: Ground out 5-3 (Groundball, 5S) John Newman scores Fred Burgess to third José Sosa to second
|
Batting: LHB Jeff Stevens
|
0-0: Called Strike 0-1: Swinging Strike 0-2: Ball 1-2: Strikes out looking
|
Top of the 6th over - 2 run(s), 2 hit(s), 1 error(s), 2 left on base; Florida State 2 - Michigan 1 |
BOTTOM OF THE 6TH |
Michigan Wolverines batting - Pitching for Florida State Seminoles : RHP Michael Jeffries
|
Batting: RHB Bill Andrews
|
0-0: SINGLE (Groundball, 4MD)
|
Batting: RHB Walt Green
|
0-0: DOUBLE (Line Drive, 9LM) Bill Andrews to third
|
Batting: RHB Andrew Lewis
|
0-0: Ball 1-0: Called Strike 1-1: Ball 2-1: Ball 3-1: Base on Balls
|
Batting: RHB Mel Wells
|
0-0: Called Strike 0-1: Foul Ball, location: 2F 0-2: Strikes out swinging
|
Batting: LHB Leon Malone
|
0-0: Ball 1-0: Ball 2-0: Ball 3-0: Base on Balls Bill Andrews scores Walt Green to third Andrew Lewis to second
|
Batting: RHB Mark Brewer
|
0-0: Ball 1-0: Called Strike 1-1: Foul Ball, location: 2F 1-2: Ball 2-2: Strikes out swinging
|
Batting: RHB Bryan Koonts
|
0-0: Ball 1-0: Ball 2-0: Ball Wild Pitch! Walt Green scores Andrew Lewis to third Leon Malone to second 3-0: Called Strike 3-1: Swinging Strike 3-2: SINGLE (Line Drive, 8LS) Andrew Lewis scores Leon Malone to third Leon Malone scores
|
Pitching: LHP Jeffery Mitchell
|
|
Batting: RHB Jake Brown
|
Pickoff Throw to First - Error! E1 Bryan Koonts to second 0-0: Swinging Strike 0-1: Ball 1-1: Swinging Strike 1-2: Ball 2-2: Ball 3-2: Strikes out swinging
|
Bottom of the 6th over - 4 run(s), 3 hit(s), 1 error(s), 1 left on base; Florida State 2 - Michigan 5 |
TOP OF THE 7TH |
Florida State Seminoles batting - Pitching for Michigan Wolverines : LHP Bob Taylor
|
Batting: RHB Roberto Casas
|
0-0: Ball 1-0: Ball 2-0: Swinging Strike 2-1: Called Strike 2-2: Fly out, F7 (Flyball, 7S)
|
Batting: RHB Rubén Hernández
|
0-0: Ball 1-0: Called Strike 1-1: Ball 2-1: Ball 3-1: Base on Balls
|
Batting: RHB Aaron Duncan
|
0-0: Ball 1-0: SINGLE (Groundball, 34D) Rubén Hernández to second
|
Batting: LHB Paul Cotton
|
0-0: Swinging Strike 0-1: Called Strike 0-2: Ball 1-2: Ball 2-2: Ball 3-2: Ground out 4-3 (Groundball, 4S) Rubén Hernández to third Aaron Duncan to second
|
Pitching: RHP Vince Conklin
|
|
Batting: RHB John Newman
|
0-0: Ball 1-0: Foul Ball, location: 2F 1-1: Swinging Strike 1-2: Strikes out swinging
|
Top of the 7th over - 0 run(s), 1 hit(s), 0 error(s), 2 left on base; Florida State 2 - Michigan 5 |
BOTTOM OF THE 7TH |
Michigan Wolverines batting - Pitching for Florida State Seminoles : LHP Jeffery Mitchell
|
Batting: RHB Bill Davis
|
0-0: Ball 1-0: Ball 2-0: Ball 3-0: Called Strike 3-1: Base on Balls
|
Batting: RHB Bill Andrews
|
0-0: Swinging Strike 0-1: Ball 1-1: SINGLE (Line Drive, 7LM) Bill Davis to second
|
Batting: RHB Walt Green
|
0-0: Ball 1-0: Bunted foul 1-1: Sac Bunt - play at first, batter OUT! 1-4 Bill Davis to third Bill Andrews to second
|
Batting: RHB Andrew Lewis
|
0-0: Intentional Walk
|
Pinch Hitting: RHB Salvador Castro
|
0-0: Ball 1-0: Ball 2-0: Ball 3-0: Base on Balls Bill Davis scores Bill Andrews to third Andrew Lewis to second
|
Batting: LHB Leon Malone
|
0-0: Ball 1-0: Called Strike 1-1: Called Strike 1-2: Ball 2-2: Grounds into fielders choice 1-2 (Groundball, P) Andrew Lewis to third Salvador Castro to second
|
Batting: RHB Mark Brewer
|
0-0: Ball 1-0: Called Strike 1-1: Foul Ball, location: 2F 1-2: Ball 2-2: Strikes out looking
|
Bottom of the 7th over - 1 run(s), 1 hit(s), 0 error(s), 3 left on base; Florida State 2 - Michigan 6 |
TOP OF THE 8TH |
Florida State Seminoles batting - Pitching for Michigan Wolverines : RHP Vince Conklin
|
Now at SS: Bill Smith
|
|
Batting: RHB Fred Burgess
|
0-0: Called Strike 0-1: Foul Ball, location: 2F 0-2: Foul Ball, location: 2F 0-2: Ball 1-2: Ball 2-2: Strikes out swinging
|
Batting: RHB José Sosa
|
0-0: Called Strike 0-1: Foul Ball, location: 2F 0-2: Foul Ball, location: 2F 0-2: Foul Ball, location: 2F 0-2: Foul Ball, location: 2F 0-2: Strikes out looking
|
Batting: RHB Lorenzo Cintrón
|
0-0: Called Strike 0-1: Called Strike 0-2: Ball 1-2: Fly out, F8 (Flyball, 8LS)
|
Top of the 8th over - 0 run(s), 0 hit(s), 0 error(s), 0 left on base; Florida State 2 - Michigan 6 |
BOTTOM OF THE 8TH |
Michigan Wolverines batting - Pitching for Florida State Seminoles : LHP Jeffery Mitchell
|
Batting: RHB Bryan Koonts
|
0-0: Ball 1-0: Swinging Strike 1-1: Foul Ball, location: 2F 1-2: DOUBLE (Flyball, 78M)
|
Batting: RHB Jake Brown
|
0-0: Ball 1-0: Ball 2-0: Ball 3-0: Called Strike 3-1: Ground out 5-3 (Groundball, 56)
|
Batting: RHB Bill Davis
|
0-0: Intentional Walk
|
Batting: RHB Bill Andrews
|
0-0: Ball 1-0: SINGLE (Groundball, 4MD) Bryan Koonts to third Bill Davis to second Runner from 3rd tries for Home, throw and OUT!
|
Batting: RHB Walt Green
|
0-0: Ground out 5-3 (Groundball, 56)
|
Bottom of the 8th over - 0 run(s), 2 hit(s), 0 error(s), 2 left on base; Florida State 2 - Michigan 6 |
TOP OF THE 9TH |
Florida State Seminoles batting - Pitching for Michigan Wolverines : RHP Vince Conklin
|
Batting: LHB Jeff Stevens
|
0-0: Ball 1-0: Ground out 1-3 (Groundball, 13S)
|
Batting: RHB Roberto Casas
|
0-0: Fly out, F7 (Flyball, 7)
|
Batting: RHB Rubén Hernández
|
0-0: Ball 1-0: Ball 2-0: Ball 3-0: Called Strike 3-1: Called Strike 3-2: Foul Ball, location: 2F 3-2: Foul Ball, location: 2F 3-2: Strikes out looking
|
Top of the 9th over - 0 run(s), 0 hit(s), 0 error(s), 0 left on base; Florida State 2 - Michigan 6 |
|